AoeStats
← Spellslinger

Hideout

507151426Analyzed
1v1 RM · 15d ago on Sep 16, 2026· 51m 51s· 2 players
Game mode
Random Map
Map size
Tiny (2 player)
Population
200
Speed
Normal
Resources
Standard
Victory
Conquest
Starting age
Dark Age
Ending age
Imperial Age
RankedLock teamsTeams togetherTeam positionsShared explorationLock speedFull tech treeHidden civsTurbo modeCheats
Victory
Defeat
🇩🇪 Persians · Germany
1026
+16
🇺🇸 Mapuche · United States
1030
-16
Mihawk
10:12 Feudal Age
14:41 Castle Age
13:15 Double-Bit Axe
16:39 Bow Saw
21:08 Horse Collar
22:17 Town Watch
22:57 Gold Mining
24:52 Stone Mining
26:12 Heavy Plow
26:53 Scale Barding Armor
26:58 Forging
28:46 Chain Barding Armor
30:20 Bloodlines
33:15 Gold Shaft Mining
34:08 Kamandaran
37:32 Imperial Age
35:52 Wheelbarrow
36:10 Fletching
36:20 Padded Archer Armor
36:56 Iron Casting
36:58 Hand Cart
37:03 Loom
37:19 Town Patrol
37:19 Bodkin Arrow
37:02 Crossbowman
43:08 Chemistry
43:32 Heavy Camel Rider
44:41 Light Cavalry
48:34 Stone Shaft Mining
49:45 Thumb Ring
Spellslinger
11:29 Loom
13:15 Feudal Age
11:36 Loom
16:58 Castle Age
17:45 Forging
17:31 Fletching
27:35 Iron Casting
33:42 Wheelbarrow
33:21 Murder Holes
38:34 Malon
Connection lost

Rejoining the realm…

Still unreachable

The connection could not be restored.

Session expired

The server has moved on; the page needs a fresh start.